AoeStats
← w32.disttrack

Lombardia

509438735Analyzed
4v4 RM · 5d ago on Sep 26, 2026· 82m 43s· 8 players
Game mode
Random Map
Map size
Large (8 player)
Population
200
Speed
Normal
Resources
Standard
Victory
Conquest
Starting age
Dark Age
Ending age
Imperial Age
RankedLock teamsTeams togetherTeam positionsShared explorationLock speedFull tech treeHidden civsTurbo modeCheats
Victory
Defeat
🇹🇷 Bohemians · Türkiye
941
+15
🇩🇪 Byzantines · Germany
928
+16
🇹🇷 Poles · Türkiye
921
+16
🇹🇷 Persians · Türkiye
920
+16
🇫🇷 Saracens · France
955
-16
🇪🇸 Lithuanians · Spain
942
-17
🇨🇳 Khmer · China
920
-16
🇺🇸 Wei · United States
884
-14
karaokur
0:32 Loom
13:49 Feudal Age
14:40 Stone Mining
15:37 Horse Collar
15:45 Double-Bit Axe
17:13 Wheelbarrow
22:46 Castle Age
20:49 Town Watch
21:16 Gold Mining
23:54 Hand Cart
24:23 Bow Saw
28:35 Stone Shaft Mining
29:17 Heavy Plow
33:34 Imperial Age
31:47 Forging
31:43 Scale Barding Armor
32:26 Szlachta Privileges
33:45 Caravan
34:14 Scale Mail Armor
34:59 Iron Casting
35:32 Crop Rotation
35:31 Squires
34:56 Light Cavalry
35:47 Bloodlines
35:37 Husbandry
36:53 Conscription
37:43 Chain Barding Armor
38:48 Blast Furnace
39:00 Lechitic Legacy
39:22 Winged Hussar
39:23 Cavalier
41:25 Chain Mail Armor
41:24 Elite Obuch
42:59 Plate Mail Armor
43:19 Fletching
43:30 Padded Archer Armor
43:34 Town Patrol
47:23 Bodkin Arrow
47:43 Leather Archer Armor
47:20 Arson
53:24 Fortified Wall
54:15 Chemistry
53:21 Siege Engineers
53:29 Masonry
MAD
0:39 Loom
12:38 Feudal Age
13:06 Double-Bit Axe
13:03 Horse Collar
13:59 Wheelbarrow
17:13 Stone Mining
22:59 Castle Age
24:18 Gold Mining
26:41 Gold Shaft Mining
26:09 Heavy Plow
26:34 Hand Cart
31:22 Imperial Age
29:29 Stone Shaft Mining
30:04 Stone Shaft Mining
29:32 Caravan
32:02 Elite War Elephant
33:27 Bow Saw
35:08 Hoardings
35:52 Two-Man Saw
35:39 Town Watch
36:10 Kamandaran
39:08 Town Patrol
40:11 Conscription
39:53 Fletching
40:03 Padded Archer Armor
42:51 Forging
44:38 Iron Casting
44:10 Scale Barding Armor
44:38 Crop Rotation
46:47 Blast Furnace
49:18 Chain Barding Armor
48:55 Bodkin Arrow
49:16 Leather Archer Armor
52:38 Plate Barding Armor
52:35 Ring Archer Armor
57:29 Thumb Ring
58:17 Crossbowman
63:41 Chemistry
63:02 Ballistics
Cherokee
13:03 Feudal Age
14:16 Double-Bit Axe
14:14 Horse Collar
18:41 Castle Age
20:04 Bow Saw
20:50 Heavy Plow
25:26 Loom
27:39 Caravan
28:46 Wheelbarrow
30:05 Hand Cart
31:49 Wagenburg Tactics
34:59 Imperial Age
32:16 Town Watch
33:01 Town Patrol
33:30 Ballistics
34:59 Chemistry
33:55 Murder Holes
33:57 Fletching
34:07 Padded Archer Armor
34:42 Masonry
34:34 Bodkin Arrow
35:51 Leather Archer Armor
35:02 Elite Hussite Wagon
36:07 Conscription
35:57 Bracer
37:25 Two-Man Saw
37:00 Houfnice
38:29 Siege Engineers
40:24 Architecture
w32.disttrack
7:50 Loom
10:15 Feudal Age
13:28 Double-Bit Axe
13:40 Horse Collar
15:04 Wheelbarrow
20:31 Castle Age
18:46 Forging
18:43 Gold Mining
21:53 Iron Casting
22:37 Scale Barding Armor
26:01 Husbandry
26:42 Heavy Plow
26:54 Bow Saw
27:11 Stone Mining
28:07 Fletching
28:18 Padded Archer Armor
34:25 Imperial Age
33:17 Thumb Ring
33:54 Ballistics
34:09 Bodkin Arrow
34:30 Leather Archer Armor
34:19 Pikeman
35:23 Scale Mail Armor
35:25 Bracer
35:50 Conscription
36:21 Ring Archer Armor
37:25 Crop Rotation
37:05 Halberdier
38:47 Chain Mail Armor
41:59 Squires
43:29 Chemistry
43:04 Plate Mail Armor
49:02 Arson
50:37 Two-Man Saw
51:14 Capped Ram
52:21 Siege Ram
64:29 Light Cavalry
66:33 Chain Barding Armor
71:24 Hussar
75:40 Plate Barding Armor
81:47 Heavy Camel Rider
82:33 Caravan
Bertinos
10:52 Feudal Age
15:08 Castle Age
14:20 Double-Bit Axe
18:00 Bow Saw
21:35 Horse Collar
25:23 Wheelbarrow
26:01 Heavy Plow
28:32 Hand Cart
31:56 Imperial Age
30:19 Scale Barding Armor
30:25 Forging
30:32 Pikeman
32:39 Squires
33:04 Chain Barding Armor
33:20 Iron Casting
32:45 Scale Mail Armor
34:16 Gold Mining
35:56 Fortified Wall
36:27 Halberdier
36:55 Capped Ram
41:00 Two-Man Saw
41:31 Elite Leitis
42:33 Conscription
45:35 Onager
49:45 Plate Barding Armor
49:26 Chain Mail Armor
63:34 Husbandry
63:47 Bloodlines
63:36 Cavalier
aegis38
4:17 Loom
12:05 Feudal Age
12:46 Double-Bit Axe
23:11 Castle Age
22:21 Horse Collar
23:46 Bloodlines
24:58 Pikeman
26:05 Forging
26:00 Scale Barding Armor
26:02 Husbandry
28:39 Wheelbarrow
29:24 Gold Mining
29:50 Town Watch
30:37 Heavy Plow
31:47 Bow Saw
33:31 Iron Casting
33:27 Stone Mining
37:39 Imperial Age
35:42 Caravan
37:33 Ballistics
37:06 Fletching
37:38 Chain Barding Armor
37:42 Elite Mameluke
39:03 Conscription
38:45 Heavy Camel Rider
41:09 Blast Furnace
43:13 Plate Barding Armor
42:34 Bodkin Arrow
43:42 Chemistry
42:38 Murder Holes
43:43 Fortified Wall
43:04 Light Cavalry
46:04 Gold Shaft Mining
45:46 Hand Cart
46:44 Onager
48:32 Siege Engineers
48:39 Masonry
49:02 Counterweights
71:21 Bracer
72:22 Guard Tower
72:18 Arrowslits
74:56 Keep
74:19 Hussar
79:31 Hoardings
bergiebird
10:57 Feudal Age
12:37 Wheelbarrow
11:43 Horse Collar
11:51 Double-Bit Axe
12:45 Gold Mining
17:21 Castle Age
18:17 Bow Saw
18:16 Heavy Plow
21:13 Hand Cart
21:19 Loom
21:49 Bow Saw
21:40 Town Watch
22:19 Stone Mining
23:37 Tuntian
24:21 Gold Shaft Mining
25:12 Stone Shaft Mining
26:37 Forging
26:33 Scale Barding Armor
27:12 Husbandry
27:22 Bloodlines
28:22 Iron Casting
28:40 Chain Barding Armor
28:48 Town Patrol
31:43 Imperial Age
30:44 Caravan
31:06 Fletching
32:21 Ballistics
32:13 Masonry
32:03 Bodkin Arrow
32:56 Conscription
33:02 Ming Guang Armor
33:55 Blast Furnace
35:47 Crop Rotation
36:01 Treadmill Crane
35:51 Elite Tiger Cavalry
37:32 Devotion
38:17 Bracer
38:16 Murder Holes
40:05 Hoardings
41:21 Chemistry
42:30 Faith
47:08 Block Printing
52:28 Fervor
52:39 Sanctity
69:40 Town Patrol
78:26 Illumination
猪头
5:29 Loom
11:44 Feudal Age
12:22 Horse Collar
12:29 Double-Bit Axe
17:45 Castle Age
15:39 Gold Mining
19:13 Bow Saw
19:28 Heavy Plow
21:10 Town Watch
26:52 Wheelbarrow
28:53 Imperial Age
26:31 Town Patrol
29:12 Gold Shaft Mining
28:28 Stone Mining
32:14 Crop Rotation
32:21 Stone Shaft Mining
33:22 Conscription
35:53 Tusk Swords
35:26 Elite Ballista Elephant
36:44 Hoardings
36:27 Scale Barding Armor
37:22 Caravan
37:54 Chain Barding Armor
38:41 Fletching
39:27 Plate Barding Armor
39:13 Bloodlines
39:04 Husbandry
39:29 Ballistics
40:10 Chemistry
40:03 Double Crossbow
40:13 Light Cavalry
41:14 Bodkin Arrow
41:35 Siege Engineers
43:21 Forging
43:13 Bracer
43:30 Murder Holes
44:03 Forging
43:15 Hussar
44:41 Masonry
46:10 Architecture
49:41 Iron Casting
50:47 Onager
52:29 Capped Ram
55:00 Blast Furnace
63:24 Siege Ram
65:21 Heavy Scorpion
67:31 Fortified Wall
Connection lost

Rejoining the realm…

Still unreachable

The connection could not be restored.

Session expired

The server has moved on; the page needs a fresh start.